 Dungeon Crawl Stone Soup version 0.29.0-11-gd7f09526c8 (webtiles) character file.

Game seed: 8382281128903591094

21488 sanka the Nimble (level 13, -7/97 HPs)
             Began as a Djinni Conjurer on Sept 3, 2022.
             Was a Believer of Makhleb.
             Shot with an arrow by a tengu warrior (16 damage)
             ... on level 13 of the Dungeon.
             The game lasted 00:40:04 (20255 turns).

sanka the Nimble (Djinni Conjurer)                 Turns: 20255, Time: 00:40:04

Health: -7/97      AC: 25    Str:  6    XL:     13   Next: 20%
Gold:   249        EV: 13    Int: 25    God:    Makhleb [**....] SH:  0 Dex: 14

rFire   + + +      SeeInvis +   b - +5 great sword
rCold   . . .      Faith    +   (shield currently unavailable)
rNeg    . . .      Spirit   .   I - +9 ring mail of the Endless Expanse {rF+ Dex+2}
rPois   ∞          Reflect  .   E - +2 hat {Stlth+}
rElec   .          Harm     .   p - +0 cloak
rCorr   .          Rampage  .   s - +1 pair of gloves
Will    +....                   (boots unavailable)
Stlth   ++........              H - amulet of Ipsy {Faith +Inv rC+}
HPRegen 0.26/turn               M - +4 ring of protection
MPRegen 0.00/turn               J - ring of see invisible

@: flying
A: sickness immunity, fire resistance 2, cold vulnerability 1, float, innate
caster, HP casting, extra vitality 1
a: Renounce Religion, Evoke Invisibility, Minor Destruction


You were on level 13 of the Dungeon.
You worshipped Makhleb.
Makhleb was pleased with you.
You visited 2 branches of the dungeon, and saw 14 of its levels.

You collected 1860 gold pieces.
You spent 1611 gold pieces at shops.


Innate Abilities, Weirdness & Mutations

You are immune to sickness and miasma.
You are immune to poison.
Your flesh is very heat resistant. (rF++)
You are vulnerable to cold. (rC-)
You float through the air rather than walking.
You learn spells naturally, not from books.
Your magical power is your life essence.
You have superior vitality. (+4 MHP)


   Skills:
 + Level 10.3 Fighting
 + Level 7.9 Armour
 + Level 11.3 Dodging
 - Level 1.5 Stealth
 + Level 10.9 Spellcasting


You had one spell level left.
You knew the following spells:

 Your Spells              Type           Power      Damage    Failure   Level
c - Iskenderun's Mystic   Conj/Tloc      62%        2d13      1%          4
i - Poisonous Vapours     Pois/Air       100%       N/A       1%          2
o - Ensorcelled Hibernat  Hex/Ice        100%       N/A       1%          2
p - Manifold Assault      Tloc           62%        N/A       4%          5
u - Foxfire               Conj/Fire      100%       2x1d9     1%          1
v - Blade Hands           Tmut           31%        N/A       4%          5
x - Searing Ray           Conj           100%       2d8       1%          2
y - Dazzling Flash        Conj/Hex       100%       N/A       1%          3
z - Magic Dart            Conj           100%       1d8       1%          1
X - Ignite Poison         Fire/Tmut/Pois 62%        N/A       1%          3
Z - Fulminant Prism       Conj/Hex       31%        3d16      1%          4
Your spell library was empty.

Inventory:

Hand Weapons
 b - a +5 great sword (weapon)
 O - the +11 rapier of Law {freeze, rElec rPois rF+ Will-}

   It freezes those it strikes, dealing additional cold damage.
   It can also slow down cold-blooded creatures.
   rF:        It protects you from fire.
   rElec:     It insulates you from electricity.
   rPois:     It protects you from poison.
   Will:      It decreases your willpower.
Armour
 i - a +0 helmet
 p - a +0 cloak (worn)
 s - a +1 pair of gloves (worn)
 v - a +1 buckler of positive energy
 C - a +2 robe of positive energy
 E - a +2 hat of stealth (worn)
 I - the +9 ring mail of the Endless Expanse (worn) {rF+ Dex+2}

   Dex:       It affects your dexterity (+2).
   rF:        It protects you from fire.
Magical Staves
 a - a staff of conjuration {!a}
 f - a staff of poison
Jewellery
 H - the amulet of Ipsy (around neck) {Faith +Inv rC+}

   [amulet of faith]

   It allows you to gain divine favour quickly.
   rC:        It protects you from cold.
   +Inv:      It lets you turn invisible.
 J - a ring of see invisible (right hand)
 M - a +4 ring of protection (left hand)
Wands
 m - a wand of roots (13)
 B - a wand of light (5)
 K - a wand of polymorph (4)
 N - a wand of mindburst (8)
Scrolls
 c - 5 scrolls of brand weapon
 d - 2 scrolls of blinking
 g - 2 scrolls of summoning
 k - 2 scrolls of immolation {!r}
 n - a scroll of fear
 q - 2 scrolls of enchant armour
 r - a scroll of enchant weapon
 u - 2 scrolls of noise {!r}
 x - 6 scrolls of vulnerability {!r}
 y - 3 scrolls of fog
 z - 2 scrolls of teleportation {@r4}
 A - 3 scrolls of silence {!r}
 G - a scroll of poison {unknown}
Potions
 e - 2 potions of curing {@q1}
 h - 3 potions of attraction {unknown}
 j - a potion of magic {unknown}
 l - 2 potions of ambrosia {unknown}
 o - a potion of resistance {unknown}
 t - 5 potions of mutation {!q}
 w - 13 potions of degeneration {!q}
 D - a potion of brilliance {unknown}
 F - 2 potions of might
 L - 2 potions of flight {unknown}

Dungeon Overview and Level Annotations

Branches:
Dungeon (13/15)            Temple (1/1) D:4            Lair (0/5) D:10
    Orc (0/2) D:10
 Vaults: D:13-14

Altars:
Ashenzari
Cheibriados
Dithmenos
Elyvilon
Fedhas
Gozag
Hepliaklqana
Makhleb
Nemelex Xobeh
Okawaru
Qazlal
Ru
Trog
Uskayaw
Wu Jian
Xom
Yredelemnul
Zin
The Shining One

Shops:
D:6 *:   D:10 [((=:

Portals:
Trove: D:11 (give 5 scrolls of fog)

.........................QQ
..
............▒▒▒.........▒▒▒..
..▒...................J.▒ ▒.
..........[▒▒▒▒....▒▒▒▒.▒ .
..............▒....▒ ▒Q▒.▒
..........▒▒▒.▒....▒▒▒▒)▒.▒
..▒...~.~.▒ ▒.▒..Q.'......▒
▒....⌠..▒ ▒.▒▒...▒ ▒y▒
....~~~.. ▒.R..*.▒▒▒▒<▒
▒...... ▒.▒▒.......#▒ ▒.▒.▒▒.
▒▒▒ .▒▒▒▒▒▒.▒ ▒.. ▒... ▒....
▒..... ▒...... ▒.......


You could see a tengu warrior (ally target) and a friendly fulminant prism.


Message History

You can't see any susceptible monsters within range! (Use Z to cast anyway.)
The tengu warrior shoots an arrow.
The arrow hits you!
* * * LOW HITPOINT WARNING * * *
Your fulminant prism explodes!
The blast of energy engulfs the tengu warrior!!
The tengu warrior is severely wounded.
You hear an angry buzzing noise.
Unknown command.
Unknown command.
Aiming: Fulminant Prism (mildly dangerous; 1% risk of failure)
You conjure a prism of explosive energy!
* * * LOW HITPOINT WARNING * * *
A fulminant prism comes into view.
The tengu warrior shoots an arrow.
The arrow hits you!
* * * LOW HITPOINT WARNING * * *
Unknown command.
Aiming: Bolt of Light
Aim: a tengu warrior, wielding a +0 longbow and wearing a +0 leather armour (severely wounded, ally target, 46% to hit)
The bolt of light misses the tengu warrior.
The tengu warrior shoots an arrow.
The arrow hits you but does no damage.
Your fulminant prism crackles loudly.
Aiming: Bolt of Light
Aim: a tengu warrior, wielding a +0 longbow and wearing a +0 leather armour (severely wounded, ally target, 46% to hit)
The bolt of light misses the tengu warrior.
The tengu warrior shoots an arrow.
The arrow hits you!
You die...

Action                   |  1- 3 |  4- 6 |  7- 9 | 10-12 | 13-15 || total
-------------------------+-------+-------+-------+-------+-------++-------
Melee: Unarmed           |     1 |       |       |       |       ||     1
       Staff             |       |       |       |     3 |       ||     3
       Great sword       |       |       |       |    31 |       ||    31
 Cast: Magic Dart        |    76 |    89 |   120 |   151 |       ||   436
       Searing Ray       |       |     8 |    39 |    44 |     7 ||    98
       Fulminant Prism   |       |       |     6 |   106 |    23 ||   135
       Iskenderun's Myst |       |       |       |    24 |    12 ||    36
       Poisonous Vapours |       |       |       |    11 |     1 ||    12
Evoke: Wand              |       |       |       |     1 |     2 ||     3
  Use: Scroll            |       |       |     4 |    12 |       ||    16
       Potion            |       |       |       |     3 |       ||     3
Armor: Robe              |     2 |     3 |     7 |    35 |       ||    47
       Ring mail         |       |       |       |    34 |    18 ||    52
Dodge: Dodged            |     4 |    26 |    36 |   124 |    16 ||   206
Block: Other             |       |       |       |     6 |       ||     6
       Reflection        |       |       |       |     1 |       ||     1

Levels and vault maps discovered:
D:1:      reono_arrival_forest_river, layout_rooms, minmay_pentomino_p4
D:2:      layout_basic
D:3:      layout_basic, minivault_24
D:4:      layout_basic, minmay_temple_entry_large_hall, uniq_eustachio,
          uniq_grinder
D:5:      layout_basic, nicolae_ashenzari_skybound
D:6:      layout_basic, serial_bayou, serial_bayou_lake_a,
          serial_bayou_lagoon_b, serial_bayou_pond_e, serial_shops,
          nicolae_shop_statue_plus, nicolae_shop_self_help, uniq_duvessa
D:7:      layout_loops_corners, kennysheep_dice
D:8:      layout_gridville, special_room [special_room_orc], uniq_psyche
D:9:      layout_big_octagon, mainiacjoe_overflow_alcove_4, bloody_makhleb,
          kennysheep_generic_room_13
D:10:     layout_layer_cave, lair_entry_dummy, erik_orc_1, serial_shops, shop,
          nicolae_square_shop, kennysheep_mini_moat, shop,
          nicolae_shop_behind_doors, kennysheep_small_spiral,
          dreamdust_wishing_well, uniq_gastronok, uniq_urug, uniq_joseph
D:11:     layout_basic, nicolae_trove_entry_path_of_doom, tso_altar,
          uniq_josephine
D:12:     kennysheep_blocky_hall, layout_loops_ring
D:13:     layout_basic, corexii_leaking_fountain, minmay_misc_feat_five,
          nicolae_gozag_seed_capital
Temple:   nicolae_temple_bog_church

Notes
Turn   | Place    | Note
-------+----------+-------------------------------------------
     0 | D:1      | sanka the Djinni Conjurer began the quest for the Orb.
     0 | D:1      | sanka set off with the following spells memorised: Magic
                  | Dart, Searing Ray, Dazzling Flash, Fulminant Prism,
                  | Iskenderun's Mystic Blast.
     0 | D:1      | Reached XP level 1. HP: 15/15 MP: 0/0
   268 | D:1      | Reached XP level 2. HP: 17/21 MP: 0/0
   643 | D:1      | Reached XP level 3. HP: 22/25 MP: 0/0
   643 | D:1      | Learned a level 1 spell: Foxfire
   822 | D:1      | Reached skill level 4 in Spellcasting
  1727 | D:2      | Reached XP level 4. HP: 30/31 MP: 0/0
  3215 | D:3      | Reached XP level 5. HP: 34/35 MP: 0/0
  3215 | D:3      | Learned a level 2 spell: Poisonous Vapours
  3666 | D:4      | Reached skill level 5 in Spellcasting
  3880 | D:4      | Noticed Grinder
  3889 | D:4      | Killed Grinder
  3890 | D:4      | Reached skill level 6 in Spellcasting
  3890 | D:4      | Reached XP level 6. HP: 29/40 MP: 0/0
  4297 | D:4      | Noticed Eustachio
  4313 | D:4      | Killed Eustachio
  4314 | D:4      | Reached XP level 7. HP: 23/45 MP: 0/0
  4314 | D:4      | Learned a level 2 spell: Ensorcelled Hibernation
  4772 | D:4      | Found a staircase to the Ecumenical Temple.
  4785 | Temple   | Entered the Ecumenical Temple
  5160 | D:5      | Entered Level 5 of the Dungeon
  5165 | D:5      | Reached skill level 7 in Spellcasting
  5371 | D:5      | Found a broken altar of Ashenzari.
  5442 | D:5      | Reached XP level 8. HP: 36/50 MP: 0/0
  5762 | D:5      | Reached skill level 8 in Spellcasting
  6106 | D:5      | Reached skill level 1 in Fighting
  6902 | D:6      | Reached skill level 3 in Dodging
  6937 | D:6      | Reached skill level 2 in Fighting
  7037 | D:6      | Reached XP level 9. HP: 34/59 MP: 0/0
  7037 | D:6      | Learned a level 3 spell: Ignite Poison
  7184 | D:6      | Reached skill level 4 in Dodging
  7354 | D:6      | Found Nuigeniv's General Store.
  7359 | D:6      | Bought a scroll of teleportation for 36 gold pieces
  7359 | D:6      | Bought a scroll of identify for 24 gold pieces
  7359 | D:6      | Bought a potion of mutation for 96 gold pieces
  7386 | D:6      | Reached skill level 3 in Fighting
  7540 | D:6      | Found Texi Gaps's Self-Improvement Boutique.
  7951 | D:6      | Reached skill level 5 in Dodging
  8100 | D:6      | Reached skill level 4 in Fighting
  8312 | D:6      | Noticed Dowan
  8346 | D:6      | Noticed Duvessa
  8351 | D:6      | Killed Duvessa
  8356 | D:6      | Killed Dowan
  9509 | D:7      | Reached skill level 6 in Dodging
  9592 | D:7      | Reached skill level 5 in Fighting
  9592 | D:7      | Reached skill level 9 in Spellcasting
  9592 | D:7      | Reached XP level 10. HP: 63/70 MP: 0/0
 10241 | D:8      | Noticed Psyche
 10294 | D:8      | Killed Psyche
 10850 | D:8      | Reached skill level 6 in Fighting
 10850 | D:8      | Reached skill level 7 in Dodging
 12532 | D:9      | Reached skill level 8 in Dodging
 12539 | D:9      | Reached skill level 7 in Fighting
 12541 | D:9      | Reached XP level 11. HP: 31/79 MP: 0/0
 12541 | D:9      | Learned a level 5 spell: Manifold Assault
 12920 | D:9      | Found a burning altar of Makhleb.
 12950 | D:9      | Became a worshipper of Makhleb the Destroyer
 13151 | D:9      | Found a hazy altar of Hepliaklqana.
 13222 | D:10     | Entered Level 10 of the Dungeon
 13263 | D:10     | Noticed Gastronok
 13456 | D:10     | Killed Gastronok
 13457 | D:10     | Reached skill level 8 in Fighting
 13457 | D:10     | Reached skill level 9 in Dodging
 13457 | D:10     | Reached skill level 10 in Spellcasting
 13793 | D:10     | Found Horaibos's Weapon Boutique.
 13832 | D:10     | Identified the +9 ring mail of the Endless Expanse {rF+
                  | Dex+2}
 13895 | D:10     | Found a staircase to the Lair.
 13908 | D:10     | Found Xaucao's Armour Emporium.
 13925 | D:10     | Noticed Urug
 14269 | D:10     | Noticed Joseph
 14301 | D:10     | Killed Joseph
 14302 | D:10     | Reached skill level 2 in Armour
 14531 | D:10     | Found Ymuenwoj's Book Shop.
 14799 | D:10     | Reached * piety under Makhleb
 14955 | D:10     | Reached skill level 3 in Armour
 15014 | D:10     | Found a staircase to the Orcish Mines.
 15152 | D:10     | Found Syafel's Weapon Shoppe.
 15407 | D:10     | Killed Urug
 15408 | D:10     | Reached skill level 4 in Armour
 15530 | D:10     | Found Donevadu's Jewellery Boutique.
 16038 | D:11     | Reached skill level 5 in Armour
 16509 | D:11     | Found a portal to a secret trove of treasure.
 16568 | D:11     | Noticed Josephine
 16583 | D:11     | Killed Josephine
 16584 | D:11     | Reached XP level 12. HP: 68/88 MP: 0/0
 17061 | D:11     | Found a glowing golden altar of the Shining One.
 17082 | D:11     | Identified a scroll of acquirement
 17083 | D:11     | Acquired 917 gold pieces
 17121 | D:10     | Bought the amulet of Ipsy {Faith +Inv rC+} for 915 gold
                  | pieces
 17132 | D:10     | Bought a +4 ring of protection for 540 gold pieces
 17308 | D:12     | Noticed a two-headed ogre
 17309 | D:12     | Noticed a two-headed ogre
 17315 | D:12     | Reached skill level 9 in Fighting
 17317 | D:12     | Killed a two-headed ogre
 17317 | D:12     | Reached ** piety under Makhleb
 17318 | D:12     | Reached skill level 6 in Armour
 17318 | D:12     | Reached skill level 10 in Dodging
 17322 | D:12     | Killed a two-headed ogre
 18178 | D:12     | Noticed a two-headed ogre
 18195 | D:12     | Killed a two-headed ogre
 18344 | D:12     | Noticed a seven-headed hydra
 18358 | D:12     | Noticed a six-headed hydra
 18359 | D:12     | Killed a seven-headed hydra
 18360 | D:12     | Reached skill level 7 in Armour
 18380 | D:12     | Killed a six-headed hydra
 18727 | D:12     | Identified the +11 rapier of Law {freeze, rElec rPois rF+
                  | Will-}
 18832 | D:12     | Reached skill level 10 in Fighting
 18948 | D:13     | Noticed a boulder beetle
 18965 | D:13     | Killed a boulder beetle
 18966 | D:13     | Reached skill level 11 in Dodging
 18966 | D:13     | Reached XP level 13. HP: 86/96 MP: 0/0
 18966 | D:13     | Learned a level 5 spell: Blade Hands
 20086 | D:13     | Noticed a five-headed hydra
 20253 | D:13     | HP: 8/97 [tengu warrior/arrow (12)]
 20255 | D:13     | Shot with an arrow by a tengu warrior

Vanquished Creatures
  Gastronok (D:10)
  Josephine (D:11)
  2 hydras (D:12)
  A boulder beetle (D:13)
  3 two-headed ogres (D:12)
  A tengu warrior (D:13)
  Urug (D:10)
  5 deep elf pyromancers
  An ugly thing (D:12)
  A cyclops (D:12)
  Joseph (D:10)
  A gargoyle (D:11)
  Psyche (D:8)
  A guardian mummy (D:11)
  4 trolls
  Grinder (D:4)
  8 slime creatures
  A vampire (D:12)
  4 wraiths
  A shadow (D:9)
  Eustachio (D:4)
  2 steam dragons
  7 yaks
  10 vampire mosquitoes
  Duvessa (D:6)
  2 water moccasins
  9 orc warriors
  A swamp drake (D:10)
  An ice beast (D:6)
  3 black bears
  5 ogres
  A centaur (D:9)
  A phantom (D:6)
  2 kobold brigands
  2 bullfrogs
  A gnoll sergeant (D:7)
  A necrophage (D:7)
  A scorpion (D:4)
  7 wights
  Dowan (D:6)
  6 killer bees
  6 electric eels (D:6)
  12 orc priests
  2 hounds
  2 gnoll boudas
  14 orc wizards
  4 iguanas
  6 adders
  14 gnolls
  An ufetubus (D:4)
  4 worms
  4 dart slugs
  62 orcs
  10 ball pythons
  8 endoplasms
  7 giant cockroaches
  5 goblins
  10 hobgoblins
  13 kobolds
  2 quokkas (D:1)
  5 bats
  7 frilled lizards
  9 rats
  A fulminant prism (D:9)
313 creatures vanquished.

Vanquished Creatures (others)
  2 orcs
  132 fulminant prisms
  26 plants (D:6)
160 creatures vanquished.

Grand Total: 473 creatures vanquished
